 Dungeon Crawl Stone Soup version 0.31-a0-189-ga26ba32dd1 (webtiles) character file.

Game seed: 16427502696899747159

32 qw the Shooter (level 3, 0/20 HPs)
             Began as a Deep Elf Hunter on June 23, 2023.
             Succumbed to their own poison gas
             ... on level 1 of the Dungeon.
             The game lasted 00:00:18 (747 turns).

qw the Shooter (Deep Elf Hunter)                     Turns: 747, Time: 00:00:19

Health: 0/20       AC:  5    Str: 10    XL:     3   Next: 10%
Magic:  5/5        EV: 12    Int: 13    God:
Gold:   128        SH:  0    Dex: 18    Spells: 2/2 levels left

rFire   + . .        Y - +0 shortbow
rCold   . . .        (shield currently unavailable)
rNeg    . . .        c - +0 leather armour
rPois   .            (no helmet)
rElec   .            (no cloak)
rCorr   .            (no gloves)
SInv    .            f - +1 pair of boots
Will    .....        (no amulet)
Stlth   ++           h - ring of protection from fire
HPRegen 0.23/turn    (no ring)
MPRegen 0.09/turn

%: no passive effects
@: mighty, lethally poisoned (0 -> -7), attractive
A: no striking features
a: no special abilities


You were on level 1 of the Dungeon.
You visited 1 branch of the dungeon, and saw 1 of its levels.

You collected 128 gold pieces.


   Skills:
 - Level 1.5 Fighting
 + Level 6.7 Ranged Weapons
 - Level 2.4 Dodging
 - Level 1.2 Stealth


You had 2 spell levels left.
You didn't know any spells.
Your spell library was empty.

Inventory:

Hand Weapons
 Y - a +0 shortbow (weapon)
Armour
 c - a +0 leather armour (worn)
 f - a +1 pair of boots (worn)
Jewellery
 h - a ring of protection from fire (left hand)
Potions
 k - a potion of might

Dungeon Overview and Level Annotations

Branches:
Dungeon (1/15)

Altars:


Message History

738 ||| READING scroll labelled DIASERCHOEKK.
The air fills with toxic fumes!
As you read the scroll labelled DIASERCHOEKK, it crumbles to dust.
It was a scroll of poison.
Done exploring.
739 ||| DRINKING 2 emerald potions.
It was a potion of attraction.
You feel attractive to monsters.
Done exploring.
740 ||| DRINKING 2 green potions.
It was a potion of might.
You feel very mighty all of a sudden.
Done exploring.
741 ||| DROPPING scroll of butterflies.
You drop a scroll of butterflies.
Done exploring.
742 ||| DROPPING potion of attraction.
You drop a potion of attraction.
Done exploring.
(D) Dungeon
Where to? (* - list waypoints, ? - help)
What level of the Dungeon? (default 1, ? - help) Sorry, I don't know how to get there.
Enter note:
Enter note:
Enter note:
Enter note:
Enter note:
Enter note:
Enter note:
Enter note:
Enter note: Really walk into that cloud of poison gas?
You are engulfed in poison gas.
You are lethally poisoned!
You feel very sick.
744 ||| Stepping ~*~*~tactically~*~*~ (cloud).
You feel very sick.
There is a lethal amount of poison in your body!
You feel very sick.
There is a lethal amount of poison in your body!
You feel very sick.
There is a lethal amount of poison in your body!
You die...

#....##....###.#.#.# ####.##.
#....'.........#.#.###....##.
#....#####.#####........#.#..
#....# #.##¤0..#.###.#..##.
#.%..# #>..¤¤.##.# #.#..##.
#....# #.##0####.# #.#..#..
#....# #.##¤# #.# #.#####.
#....# #.##¤####.# #.......
###.## #..@¤00...# ######.#
#.#########¤###### ###
#.#.......!¤¤¤#
#.#........¤#¤#
#.###########.#
#.............#
###############


There were no monsters in sight!

Vanquished Creatures
  A dart slug (D:1)
  A goblin (D:1)
  2 hobgoblins (D:1)
  6 jackals (D:1)
  A quokka (D:1)
  3 ball pythons (D:1)
  6 bats (D:1)
  2 frilled lizards (D:1)
  3 kobolds (D:1)
  5 rats (D:1)
30 creatures vanquished.

Notes
Turn   | Place    | Note
-------+----------+-------------------------------------------
     0 | D:1      | qw the Deep Elf Hunter began the quest for the Orb.
     0 | D:1      | Reached XP level 1. HP: 12/12 MP: 3/3
     0 | D:1      | 0 ||| qw: Version: 0.3-a-9-g12657ce
     0 | D:1      | 0 ||| qw: Game counter: 4437
     0 | D:1      | 0 ||| qw: Always use a shield: true
     0 | D:1      | 0 ||| qw: God list: Okawaru
     0 | D:1      | 0 ||| qw: Allow faded altars: false
     0 | D:1      | 0 ||| qw: Do Orc after D:15 true
     0 | D:1      | 0 ||| qw: Do second Lair branch before Depths: true
     0 | D:1      | 0 ||| qw: Lair rune preference: random
     0 | D:1      | 0 ||| qw: Plans: Normal
     0 | D:1      | 0 ||| PLANNING D:1-11
    74 | D:1      | Reached XP level 2. HP: 14/16 MP: 4/4
    79 | D:1      | Reached skill level 6 in Ranged Weapons
   372 | D:1      | 372 ||| FLEEEEING.
   390 | D:1      | Reached XP level 3. HP: 20/20 MP: 5/5
   690 | D:1      | 690 ||| UPGRADING to +1 pair of boots.
   695 | D:1      | 695 ||| UPGRADING to ring of protection from fire.
   696 | D:1      | 696 ||| READING scroll labelled CUWAFFIMNO.
   697 | D:1      | 697 ||| READING scroll labelled KYMAUD ZUEV.
   698 | D:1      | 698 ||| READING scroll labelled WUSTRE WAMYZIO.
   699 | D:1      | 699 ||| READING scroll labelled RAIRILL OZELUA.
   738 | D:1      | 738 ||| READING scroll labelled DIASERCHOEKK.
   739 | D:1      | 739 ||| DRINKING 2 emerald potions.
   740 | D:1      | 740 ||| DRINKING 2 green potions.
   741 | D:1      | 741 ||| DROPPING scroll of butterflies.
   742 | D:1      | 742 ||| DROPPING potion of attraction.
   744 | D:1      | 744 ||| Stepping ~*~*~tactically~*~*~ (cloud).
   745 | D:1      | HP: 4/20 [poisoned by you (poison gas)]
   747 | D:1      | Succumbed to their own poison gas

Levels and vault maps discovered:
D:1:      amcnicky_arrival_gap_in_the_tavern_cellar, layout_basic,
          amcnicky_mini_corridor_feature, nrook_campfire

Skill      XL: |  1  2 |
---------------+-------+-----
Ranged Weapons | 6 |  6.7
Fighting       | |  1.5
Dodging        | |  2.4
Stealth        | |  1.2

Action                     || total
---------------------------++-------
   Fire: Shortbow          ||    50
    Use: Scroll            ||     5
         Potion            ||     2
 Armour: Leather armour    ||     6
  Dodge: Dodged            ||    10

Table legend:
 A = Non-vault XP
 B = Vault XP
 C = Vault XP percentage of total XP
 D = Non-vault monster count
 E = Vault monster count
 F = Vault count percentage of total count
                 A         B        C        D         E       F
            +---------+---------+-------+---------+---------+-------
      Total |      47 |       0 |   0.0 |      30 |       0 |   0.0
            +---------+---------+-------+---------+---------+-------
        D:1 |      47 |       0 |   0.0 |      30 |       0 |   0.0
            +---------+---------+-------+---------+---------+-------
